 Dungeon Crawl Stone Soup version 0.25-a0-105-g2289b3b9f1 (webtiles) character file.

Game seed: 9663666188234291973, levelgen mode: deterministic

1830 Alarkh the Grappler (level 8, -1/65 HPs)
             Began as a Demonspawn Fighter on Nov 16, 2019.
             Killed from afar by an orc wizard (7 damage)
             ... with a magic dart
             ... on level 6 of the Dungeon.
             The game lasted 00:08:37 (6717 turns).

Alarkh the Grappler (Demonspawn Fighter)            Turns: 6717, Time: 00:08:37

Health: -1/65      AC: 13    Str: 16    XL:     8   Next: 86%
Magic:  8/8        EV:  7    Int: 13    God:
Gold:   362        SH: 12    Dex: 12    Spells: 7/7 levels left

rFire    . . .     SeeInvis .     - Unarmed
rCold    . . .     Gourm    .   b - +0 shield
rNeg     + . .     Faith    .   a - +1 scale mail
rPois    .         Spirit   .   o - +0 helmet
rElec    .         Reflect  +   (no cloak)
rCorr    .         Harm     .   (no gloves)
MR       +....                  m - +2 pair of boots
Stlth    ..........             h - +4 amulet of reflection
HPRegen  0.20/turn              w - ring of Zin's Delight {rN+ MR+}
MPRegen  0.11/turn              E - +1 ring of evasion

@: no status effects
A: claws 1, molten scales 1, spiny 1
a: no special abilities


You were on level 6 of the Dungeon.
You were not hungry.

You visited 1 branch of the dungeon, and saw 7 of its levels.
You also visited: Sewer and Ossuary.

You collected 477 gold pieces.
You spent 115 gold pieces at shops.

Inventory:

Armour
 a - a +1 scale mail (worn)
 b - a +0 shield (worn)
 m - a +2 pair of boots (worn)
 o - a +0 helmet (worn)
Magical Staves
 z - an uncursed staff of power {unknown}
Jewellery
 h - a +4 amulet of reflection (around neck)
 w - the ring of Zin's Delight (left claw) {rN+ MR+}
   (You found it on level 5 of the Dungeon)

   [ring of protection from magic]

   It protects you from negative energy.
   It affects your resistance to hostile enchantments.
 E - a +1 ring of evasion (right claw)
Wands
 q - a wand of flame (12)
 v - a wand of paralysis (10)
Scrolls
 f - 2 scrolls of enchant armour
 g - 8 scrolls of teleportation
 i - 3 scrolls of fog
 l - 5 scrolls of enchant weapon
 r - 7 scrolls of identify
 y - 3 scrolls of remove curse
 B - 2 scrolls of amnesia {unknown}
 C - 2 scrolls of immolation {unknown}
 D - a scroll of vulnerability {unknown}
Potions
 c - 4 potions of might
 e - 2 potions of agility
 j - 12 potions of curing
 k - 3 potions of lignification
 n - 2 potions of brilliance
 p - a potion of resistance
 s - 4 potions of heal wounds
 t - 4 potions of haste {unknown}
 u - 2 potions of magic {unknown}
 x - 2 potions of degeneration {unknown}
 A - a potion of flight {unknown}
Comestibles
 d - 13 rations
 F - 2 chunks of flesh


   Skills:
 + Level 6.5 Fighting
 - Level 2.6 Armour
 - Level 2.6 Shields
 * Level 9.3 Unarmed Combat


You had 7 spell levels left.
You didn't know any spells.
Your spell library was empty.

Dungeon Overview and Level Annotations

Branches:
Dungeon (7/15)              Sewer (visited)         Ossuary (visited)
 Temple: D:4-7

Altars:
Cheibriados
Elyvilon
Hepliaklqana
Xom
Yredelemnul

Shops:
D:6 *(::*


Innate Abilities, Weirdness & Mutations

You have sharp fingernails.
You are partially covered in molten scales. (AC +2)
You are partially covered in sharp spines.


Message History

You scratch the orc wizard but do no damage.
The orc wizard is heavily wounded.
The orc wizard is struck by your spines.
The orc wizard hits you but does no damage.
You closely miss the orc wizard.
The orc wizard is severely wounded.
The orc wizard gestures at you while chanting.
The magic dart hits you!
* * * LOW HITPOINT WARNING * * *
You closely miss the orc wizard.
The orc wizard is severely wounded.
The orc wizard hits you but does no damage.
You scratch the orc wizard but do no damage.
The orc wizard is severely wounded.
The orc wizard misses you.
You scratch the orc wizard but do no damage.
The orc wizard is severely wounded.
The orc wizard gestures at you while chanting.
The magic dart hits you!
You die...

###.# #.##.)...##
#.... ..#.#
#..##(..## ###..
#.#.####### #.^.#####
#.. #..∩......#
#.......# #..
#.........# #.......#
#.. #...<.....#
#....##.# ###
.....########....##.#
#
...............o....#
#
.....##########.@.###
# .....# #[..#
########### .....#
#...# #......(..#
.....# #...#
#.......... .....#
#...# #..........
.....# #...#
######.∩... .....#
#...# ##.... ######
#...###### #....
#........# #....


You could see an orc wizard.

Vanquished Creatures
  A sky beast (D:5)
  A phantom (D:4)
  A water moccasin (D:6)
  A centaur (D:6)
  4 bullfrogs
  5 wights (D:6)
  3 crimson imps
  A bullfrog zombie (D:5)
  2 hounds
  2 orc priests
  2 jellies
  3 worker ants
  Natasha (thrice) (D:2)
  2 iguanas
  An orc wizard (D:5)
  8 mummies (Ossuary)
  10 gnolls
  12 adders
  A howler monkey skeleton (D:3)
  A shadow imp (D:5)
  An ooze (D:5)
  An adder skeleton (D:4)
  4 worms
  A dart slug (D:2)
  8 leopard geckos
  7 orcs
  3 giant cockroaches
  2 gnoll zombies (Ossuary)
  11 goblins
  8 hobgoblins
  18 jackals
  3 quokkas
  3 ball pythons
  6 bats
  4 frilled lizards
  A giant cockroach zombie (D:5)
  3 hobgoblin zombies (Ossuary)
  11 kobolds
  A kobold zombie (Ossuary)
  2 orc zombies (Ossuary)
  2 quokka skeletons
  5 rats
169 creatures vanquished.

Notes
Turn   | Place    | Note
-------+----------+-------------------------------------------
     0 | D:1      | Alarkh the Demonspawn Fighter began the quest for the Orb.
     0 | D:1      | Reached XP level 1. HP: 18/18 MP: 1/1
   145 | D:1      | Reached skill level 2 in Unarmed Combat
   231 | D:1      | Gained mutation: You have sharp fingernails. [demonic
                  | ancestry]
   231 | D:1      | Reached XP level 2. HP: 10/24 MP: 2/2
   592 | D:1      | Reached skill level 3 in Unarmed Combat
   771 | D:1      | Reached XP level 3. HP: 29/29 MP: 3/3
  1223 | D:2      | Found a hazy altar of Hepliaklqana.
  1224 | D:2      | Found a shimmering altar of Xom.
  1224 | D:2      | Noticed a hell beast
  1225 | D:2      | Noticed a hell beast
  1225 | D:2      | Noticed a spectral ugly thing
  1241 | D:2      | Reached skill level 4 in Unarmed Combat
  1241 | D:2      | Reached XP level 4. HP: 35/35 MP: 4/4
  1433 | D:2      | Noticed Natasha
  1458 | D:2      | Killed Natasha
  1483 | D:2      | Noticed Natasha
  1493 | D:2      | Killed Natasha
  1493 | D:2      | Reached XP level 5. HP: 21/41 MP: 5/5
  1518 | D:2      | Found a faded altar of an unknown god.
  1703 | D:2      | Found a snail-covered altar of Cheibriados.
  1809 | D:2      | Noticed Natasha
  1815 | D:2      | Killed Natasha
  1815 | D:2      | Reached skill level 5 in Unarmed Combat
  2567 | D:3      | Found a glowing drain.
  2579 | Sewer    | Entered a sewer
  2834 | Sewer    | Gained mutation: You are partially covered in molten
                  | scales. (AC +2) [demonic ancestry]
  2834 | Sewer    | Reached XP level 6. HP: 43/47 MP: 6/6
  3838 | D:4      | Reached skill level 6 in Unarmed Combat
  4057 | D:4      | Found a white marble altar of Elyvilon.
  4118 | D:4      | Found a sand-covered staircase.
  4123 | Ossuary  | Entered an ossuary
  4232 | Ossuary  | Reached XP level 7. HP: 45/54 MP: 7/7
  4742 | D:4      | Reached skill level 7 in Unarmed Combat
  4948 | D:5      | Entered Level 5 of the Dungeon
  4951 | D:5      | Got a slimy lead ring
  5025 | D:5      | Identified the ring of Zin's Delight {rN+ MR+} (You found
                  | it on level 5 of the Dungeon)
  5176 | D:5      | Reached skill level 5 in Fighting
  5419 | D:5      | Gained mutation: You are partially covered in sharp spines.
                  | [demonic ancestry]
  5419 | D:5      | Reached XP level 8. HP: 58/62 MP: 8/8
  5482 | D:5      | Found a basalt altar of Yredelemnul.
  5934 | D:6      | Reached skill level 8 in Unarmed Combat
  6044 | D:6      | Found Suycs's Weapon Emporium.
  6053 | D:6      | Found Rainets's Assorted Antiques.
  6064 | D:6      | Bought a small brass ring for 115 gold pieces
  6113 | D:6      | Found Fentowk's Book Shoppe.
  6161 | D:6      | Found Ezyo's General Store.
  6228 | D:6      | Reached skill level 9 in Unarmed Combat
  6285 | D:6      | Found Gineitz's Book Emporium.
  6717 | D:6      | Killed from afar by an orc wizard

Levels and vault maps discovered:
D:1:      evilmike_arrival_rings, layout_basic
D:2:      layout_loops_corners, regret_index_temple_of_mockery,
          kennysheep_slug_shrine, chequers_ecumenical_altar_island,
          kennysheep_nondescript, roderic_st_hans_cross, uniq_natasha
D:3:      layout_loops_corners, portal_sewer_entry_f, first_ration
D:4:      minmay_chambers_of_threes, layout_basic, kennysheep_little_box,
          nicolae_ossuary_entry_ruins, hangedman_decor_growths,
          chequers_big_river
D:5:      layout_loops_corners, yredelemnul_altar_generic
D:6:      layout_basic, serial_shops, nicolae_shop_stone, shop_statue, shop,
          shop, kennysheep_windowed_goal
D:7:      layout_cave_pools, kennysheep_mini_moat, zin_angel,
          nicolae_overflow_hidden_temple, minmay_temple_entry_mini_moons,
          grunt_livestock

Skill      XL: |  1  2  3  4  5  6  7  8 |
---------------+-------------------------+-----
Unarmed Combat | 2 3 4 5 6 7 9 |  9.3
Fighting       | 4 5 6 |  6.5
Armour         | |  2.6
Shields        | |  2.6

Action                   |  1- 3 |  4- 6 |  7- 9 || total
-------------------------+-------+-------+-------++-------
Melee: Unarmed           |   130 |   318 |   231 ||   679
  Use: Potion            |       |     3 |       ||     3
       Scroll            |       |    10 |     1 ||    11
  Eat: Chunk             |     1 |     9 |     6 ||    16
       Ration            |       |       |     1 ||     1
Armor: Scale mail        |    79 |   114 |    70 ||   263
       Skin              |       |     1 |       ||     1
Dodge: Dodged            |    36 |    68 |    53 ||   157
Block: Shield            |    72 |   125 |   127 ||   324
       Reflection        |       |       |     4 ||     4

Table legend:
 A = Non-vault XP
 B = Vault XP
 C = Vault XP percentage of total XP
 D = Non-vault monster count
 E = Vault monster count
 F = Vault count percentage of total count
                 A         B        C        D         E       F
            +---------+---------+-------+---------+---------+-------
      Total |    1963 |     652 |  24.9 |     120 |      49 |  29.0
            +---------+---------+-------+---------+---------+-------
        D:1 |      45 |       0 |   0.0 |      26 |       0 |   0.0
        D:2 |     205 |      39 |  16.0 |      22 |       2 |   8.3
        D:3 |     117 |      14 |  10.7 |      18 |       5 |  21.7
        D:4 |     131 |     239 |  64.6 |       6 |       7 |  53.8
        D:5 |     505 |       0 |   0.0 |      23 |       0 |   0.0
        D:6 |     919 |     110 |  10.7 |      24 |       1 |   4.0
        D:7 |      41 |       0 |   0.0 |       1 |       0 |   0.0
      Sewer |       0 |      90 | 100.0 |       0 |      18 | 100.0
    Ossuary |       0 |     160 | 100.0 |       0 |      16 | 100.0
            +---------+---------+-------+---------+---------+-------
